[Event "Champions Chess Tour Finals 2024"]
[Date "2024.12.18"]
[White "Keymer, Vincent"]
[Black "Nepomniachtchi, Ian"]
[WhiteElo "2649"]
[BlackElo "2758"]
[Round "6.3"]
[Result "0-1"]
[TimeControl "600+2"]

1. d4 Nf6 2. Nf3 d5 3. e3 e6 4. Nbd2 b6 5. b3 Bb7 6. Bb2 Be7 7. Bd3 O-O 8.
O-O Nbd7 9. a4 c5 10. Qe2 Ne4 11. Rfd1 Rc8 12. c4 cxd4 13.
exd4 Nxd2 14. Rxd2 Qc7 15. Qe3 Rfd8 16. Rc2 Qb8 17. h3 Bf6 18.
a5 dxc4 19. bxc4 Nf8 20. Ng5 Ng6 21. axb6 axb6 22. Ne4 Bxe4 23. Bxe4 Qd6 24. Rd1 Qb4 25. Bd3 Ne7 26. Bc3 Qa4 27. g4 Rxc4 28.
Qe4 Rxc3 29. Qxh7+ Kf8 30. Rxc3 Qxd1+ 31. Kg2 Qd2 32. Rc7 Qh6 33.
Qe4 Nd5 0-1

[Variant "Standard"]
[Site "Europe Echecs"]

[Event "Champions Chess Tour Finals 2024"]
[Date "2024.12.19"]
[White "Firouzja, Alireza"]
[Black "Keymer, Vincent"]
[WhiteElo "2756"]
[BlackElo "2649"]
[Round "7.1"]
[Result "1/2-1/2"]
[TimeControl "600+2"]

1. Nf3 d5 2. b3 Nf6 3. Bb2 Bf5 4. g3 e6 5. Bg2 h6 6. O-O Be7 7. d3 O-O 8.
Nbd2 c6 9. Re1 Bh7 10. e4 a5 11. a4 Nbd7 12. exd5 Nxd5 13. Nc4 Bb4 14. Nfd2 Qc7 15. Qc1 Nc3 16. Ne3 Rae8 17. Nd1 Nd5 18. Re2 e5 19. Nc4 f5 20. Ba3 f4 21. Bxb4 axb4 22. Re1 N7f6 23. Nd2 Qb6 24. a5 Qc5 25. Ne4 Bxe4 26. dxe4 Nc3 27. Nxc3 Qxc3 28. gxf4 exf4 29. Qxf4 Qxc2 30. Qe3 Nd5 31. Qe2 Qxb3 32. Rab1 Qc3 33. Qa2 Rf7 34. Rec1 b3 35. Qxb3 Qxb3 36. Rxb3 Nf4 37. Re1 Re5 38.
Bf1 Kh7 39. a6 bxa6 40. Bxa6 Rf6 41. Bf1 Ne6 42. Kg2 Nf4+ 43. Kg1 Ne6 44. Kg2 Nd4 45. Rc3 c5 46. f3 Ne6 47. Kf2 Nf4 48.
Rec1 Rc6 49. Kg3 g5 50. h4 Kg7 51. hxg5 hxg5 52. Rd1 Rc7 53. Rc2 Kf6 54. Bc4 Rh7 55. Rcd2 Rh3+ 56. Kg4 Rh4+ 57. Kg3 Rh3+ 58. Kf2 Rh2+ 59. Ke3 Rxd2 60. Rxd2 Ke7 61. Ra2 Kf6 62. Ra6+ Ke7 63. Kf2 Kf8 64. Kg3 Kg7 65. Kg4 Ng2 66. Ra3 Nf4 67. Ra7+ Kg6 68. Ra6+ Kg7 69. Ra2 Kg6 70. Rd2 Kg7 71. Bb5 Kf6 72. Rd6+ Kg7 73. Rc6 Ne6 74. Bc4 Nf4 75. Ba6 Ne6 76. Bc8 Nd4 77. Rd6 Ne2 78.
Bf5 Nd4 79. Kxg5 Nxf5 80. exf5 Kf7 81. Rd7+ Re7 82. Rd6 Rc7 83.
Rh6 Kg8 84. Rg6+ Kf8 85. Rf6+ Kg8 86. Rd6 c4 87. f6 Kf7 88.
Rd2 c3 89. Rc2 Rc5+ 90. Kf4 Kxf6 91. Ke3 Kf5 92. Kd3 Rc7 93.
Rxc3 Rxc3+ 94. Kxc3 Kf4 95. Kd3 Kxf3 1/2-1/2

[Variant "Standard"]
[Site "Europe Echecs"]

[Event "Champions Chess Tour Finals 2024"]
[Date "2024.12.19"]
[White "Nepomniachtchi, Ian"]
[Black "Aronian, Levon"]
[WhiteElo "2758"]
[BlackElo "2818"]
[Round "7.1"]
[Result "1-0"]
[TimeControl "600+2"]

1. e4 e5 2. Nf3 Nc6 3. Bc4 Nf6 4. d3 Be7 5. O-O O-O 6. Nbd2 d5 7. exd5 Nxd5 8.
h3 Nb6 9. Bb3 Kh8 10. a4 a5 11. Re1 f6 12. Nf1 Bf5 13. Nh4 Bd7 14. c3 f5 15.
Nf3 Bf6 16. Ng3 Qe8 17. Bf4 Qg6 18. Bxe5 Nxe5 19. Nxe5 Bxe5 20. Rxe5 f4 21. Ne4 f3 22. Rg5 Qh6 23. Rg3 fxg2 24. Ng5 Bc6 25. Qg4 Nd5 26. Re1 Nf4 27. Re7 Rae8 28. Rxe8 Bxe8 29. Rf3 Qf6 30. Nf7+ Bxf7 31. Rxf4 Bxb3 32. Rxf6 gxf6 33. Qd4 Rg8 34. Qxf6+ Rg7 35. Qd8+ Bg8 36. Qf6 h5 37. Qh6+ Bh7 38. Qxh5 Rg6 39. Qxa5 Kg7 40. Qxc7+ Kh6 41. Qxb7 Rg5 42. Qf3 Bg8 1-0

[Variant "Standard"]
[Site "Europe Echecs"]

[Event "Champions Chess Tour Finals 2024"]
[Date "2024.12.19"]
[White "Carlsen, Magnus"]
[Black "Lazavik, Denis"]
[WhiteElo "2838"]
[BlackElo "2553"]
[Round "7.1"]
[Result "1-0"]
[TimeControl "600+2"]

1. e4 c5 2. Nf3 Nc6 3. Bb5 e6 4. Bxc6 bxc6 5. b3 f6 6. O-O Nh6 7. c3 Nf7 8. d4 cxd4 9. cxd4 c5 10. d5 Bd6 11. Na3 Ba6 12. Nc4 Bxc4 13. bxc4 O-O 14. Rb1 Qc7 15. Be3 Rab8 16. Qd3 Rxb1 17. Rxb1 Rb8 18. Rb3 Rb6 19. g3 Ne5 20. Nxe5 Bxe5 21. Kg2 Rxb3 22. axb3 h6 23. f4 Bd6 24. dxe6 dxe6 25. f5 exf5 26. Qd5+ Kh8 27. exf5 Bf8 28. Kh3 Qe7 29. Bf4 Qe2 30. Qe6 Qh5+ 31. Kg2 Qd1 32. Qf7 Qe2+ 33. Kh3 Be7 34. Qe6 Qxe6 35. fxe6 Kh7 36. g4 g5 37. Bb8 Kg6 38.
Kg2 f5 39. h3 fxg4 40. hxg4 Kf6 41. Bxa7 Kxe6 42. Kf3 Ke5 43. Ke3 Bd6 44. Bb6 Ke6 45. Ke4 Be7 46. Ba5 Bf6 47. Bd2 Bg7 48.
b4 cxb4 49. Bxb4 Be5 50. Bf8 Bf4 51. Bxh6 Kd6 52. Bf8+ Kc6 53. Kf5 Be3 54. Be7 Bd2 55. Bxg5 Bb4 56. Be3 1-0

[Variant "Standard"]
[Site "Europe Echecs"]

[Event "Champions Chess Tour Finals 2024"]
[Date "2024.12.19"]
[White "Vachier-Lagrave, Maxime"]
[Black "So, Wesley"]
[WhiteElo "2763"]
[BlackElo "2826"]
[Round "7.1"]
[Result "1/2-1/2"]
[TimeControl "600+2"]

1. e4 e5 2. Nf3 Nc6 3. Bb5 Nf6 4. d3 d6 5. O-O Be7 6. c3 O-O 7. Re1 a6 8.
Ba4 b5 9. Bc2 d5 10. Nbd2 dxe4 11. Nxe4 Nxe4 12. dxe4 Be6 13. Be3 Qxd1 14. Rexd1 f6 15. Ne1 Na5 16. Nd3 Rfd8 17. Nc5 Bxc5 18. Bxc5 Kf7 19. Kf1 Nb7 20. Be3 Na5 21. Rxd8 Rxd8 22. b3 g5 23.
Ke2 h5 24. f3 h4 25. Kf2 c5 26. Ke2 Nb7 27. a4 b4 28. cxb4 cxb4 29. a5 Rc8 30.
Bd3 Rc6 31. Ra4 Bxb3 32. Rxb4 Nxa5 33. Bb6 Nc4 34. Bf2 Ba2 35.
Ra4 Bb3 36. Rb4 Ba2 1/2-1/2

[Variant "Standard"]
[Site "Europe Echecs"]

[Event "Champions Chess Tour Finals 2024"]
[Date "2024.12.19"]
[White "Keymer, Vincent"]
[Black "Firouzja, Alireza"]
[WhiteElo "2649"]
[BlackElo "2756"]
[Round "7.2"]
[Result "0-1"]
[TimeControl "600+2"]

1. Nf3 Nf6 2. g3 g6 3. Bg2 Bg7 4. c4 O-O 5. Nc3 d6 6. d4 c5 7. d5 e6 8. O-O exd5 9. cxd5 Re8 10. Re1 Na6 11. h3 Nc7 12. e4 Nd7 13. Bf4 Ne5 14. Nxe5 Bxe5 15. Bxe5 dxe5 16. d6 Ne6 17. Nd5 Kg7 18. b4 b6 19. bxc5 bxc5 20. f4 Rb8 21. fxe5 Qg5 22. Qf3 Qxe5 23. Rf1 Rf8 24. Qf6+ Qxf6 25. Nxf6 Rd8 26. e5 Nd4 27. Ne4 Bf5 28. Nxc5 Rb5 29. Nb7 Rd7 30.
Rfd1 Ne2+ 31. Kf2 Nc3 32. Rd4 Rb2+ 33. Kf1 Rbxb7 34. Bxb7 Rxb7 35. g4 Be6 36. Rc1 Nd5 37. a4 Nb6 38. Rc7 Rb8 39. Rb4 Ra8 40. Rd4 Nd7 41. Re4 a5 42. Kf2 g5 43. Re3 Rb8 44. Ra7 Rb2+ 45. Ke1 Rb1+ 46. Kd2 Nb6 47. Kc2 Ra1 48. Ra6 Nc4 49. Re4 Ra2+ 50. Kc3 Ra3+ 51. Kd4 Nd2 52. Re2 Rxa4+ 53. Kc5 Nb3+ 54. Kb6 Rb4+ 55. Kc7 Nd4 56. Rd2 Rc4+ 57. Kb6 Nf3 58. d7 Bxd7 59. Rxd7 Nxe5 60. Rd5 Re4 61. Kxa5 h6 62. Ra7 Nc6+ 63. Kb6 Nxa7 64. Kxa7 Re3 65. h4 gxh4 66. Rh5 h3 67. Kb6 f6 68. Kc6 Kg6 69. Kd6 Rg3 70. Kd5 Rxg4 71. Rxh3 h5 72. Ra3 h4 73. Ra8 Kf5 74. Rh8 Kf4 75. Ke6 f5 76. Rh5 Kg3 77. Rxf5 h3 78. Ra5 h2 79. Ra3+ Kh4 80. Ra8 Rg1 81. Rh8+ Kg3 0-1

[Variant "Standard"]
[Site "Europe Echecs"]

[Event "Champions Chess Tour Finals 2024"]
[Date "2024.12.19"]
[White "Aronian, Levon"]
[Black "Nepomniachtchi, Ian"]
[WhiteElo "2818"]
[BlackElo "2758"]
[Round "7.2"]
[Result "1/2-1/2"]
[TimeControl "600+2"]

1. e4 e5 2. Bc4 Nf6 3. d3 c6 4. Nf3 d5 5. Bb3 a5 6. a4 Bb4+ 7. c3 Bd6 8.
exd5 cxd5 9. Bg5 Be6 10. Na3 Nbd7 11. Nb5 Bb8 12. d4 e4 13.
Nd2 h6 14. Bh4 Nf8 15. f3 Ng6 16. Bxf6 Qxf6 17. g3 exf3 18. Qxf3 Qxf3 19. Nxf3 Kd7 20. O-O Bd6 21. Rf2 Rae8 22. Bc2 Ne7 23. Nh4 Bb8 24. Raf1 Ref8 25. Kg2 h5 26. Nf3 f6 27. Nh4 Re8 28. Re1 Bf7 29. Rfe2 g5 30.
Nf5 Nxf5 31. Bxf5+ Kd8 32. Be6 Bxe6 33. Rxe6 Kd7 34. Rxe8 Rxe8 35. Rxe8 Kxe8 36. b3 Kd7 37. c4 Ke6 38. Nc3 dxc4 39. bxc4 f5 40. c5 Bc7 41. Kf3 Bd8 42. Ke3 Bf6 43. Kd3 Bg7 44. Nb5 h4 45. gxh4 gxh4 46. h3 Bf8 47. Nc7+ Kd7 48. Nd5 Ke6 49. Nf4+ Kf6 50. Ng2 Kg5 51. Kc4 f4 52. Ne1 Kf5 53. Kd3 Be7 54. Nf3 Bd8 55. d5 Bf6 56. c6 bxc6 57.
dxc6 Ke6 58. Kc4 Kd6 59. Kb5 Bd8 60. Nd2 Kd5 61. Nf3 Kd6 62. Ne1 Kd5 63. Nf3 Kd6 1/2-1/2

[Variant "Standard"]
[Site "Europe Echecs"]

[Event "Champions Chess Tour Finals 2024"]
[Date "2024.12.19"]
[White "Lazavik, Denis"]
[Black "Carlsen, Magnus"]
[WhiteElo "2553"]
[BlackElo "2838"]
[Round "7.2"]
[Result "1/2-1/2"]
[TimeControl "600+2"]

1. Nf3 Nf6 2. b3 g6 3. Bb2 Bg7 4. g3 b6 5. Bg2 Bb7 6. O-O O-O 7. c4 e6 8. e3 c5 9. d4 Na6 10. Qe2 d5 11. Rd1 Qe7 12. Nc3 Rfd8 13. cxd5 exd5 14. Rac1 Rac8 15. Bh3 Ra8 16. Nb5 Nb4 17. a3 Na2 18. Ra1 a6 19. Nc3 Nxc3 20.
Bxc3 c4 21. Bb4 Qe8 22. a4 a5 23. Be1 cxb3 24. Qb2 b5 25. Qxb3 b4 26. Rdc1 Bc8 27. Bg2 Ba6 28. Ne5 Rac8 29. Bh3 Rxc1 30. Rxc1 Ne4 31. Nc6 Bc4 32. Rxc4 dxc4 33. Qxc4 Ra8 34. Bg2 Kh8 35.
Qd5 f5 36. Nxa5 Rc8 37. Bxe4 fxe4 38. Bxb4 Qxa4 39. Qb7 Qd1+ 40. Kg2 Qf3+ 41. Kh3 Qh5+ 42. Kg2 Qf3+ 43. Kh3 Qh5+ 1/2-1/2

[Variant "Standard"]
[Site "Europe Echecs"]

[Event "Champions Chess Tour Finals 2024"]
[Date "2024.12.19"]
[White "So, Wesley"]
[Black "Vachier-Lagrave, Maxime"]
[WhiteElo "2826"]
[BlackElo "2763"]
[Round "7.2"]
[Result "1-0"]
[TimeControl "600+2"]

1. d4 Nf6 2. c4 g6 3. Nc3 d5 4. Bg5 Ne4 5. Bh4 Nxc3 6. bxc3 dxc4 7. e3 Be6 8. Nf3 Nd7 9. Be2 Nb6 10. a4 a5 11. O-O Bg7 12. Qc2 O-O 13.
Rfb1 Qd7 14. Bg3 Bd5 15. e4 Bc6 16. Rxb6 cxb6 17. d5 Bxa4 18. Rxa4 b5 19. Ra2 b4 20. cxb4 axb4 21. Bxc4 Ra3 22. Ne5 Qc8 23.
Rxa3 bxa3 24. Qa2 Qc5 25. Nd7 Qb4 26. Nxf8 b5 27. Bd3 Bxf8 28.
h4 Qe1+ 29. Kh2 b4 30. Bc4 Qxe4 31. Bb3 Qd3 32. d6 e6 33.
Bxe6 Bxd6 34. Bxf7+ Kg7 35. Bxd6 Qxd6+ 36. g3 Qf6 37. Bd5 Qd4 38.
Kg2 h6 39. Bb3 Qe4+ 40. Kh2 Qf3 41. Kg1 Qc3 42. Qb1 Kf6 43. Qd1 Ke7 44. Qd5 h5 45. Kg2 Ke8 46. Qe6+ Kd8 47. Qd6+ Kc8 48. Be6+ Kb7 49. Bd5+ Ka7 50. Qxg6 Qc5 51. Qxh5 Kb6 52. Qf7 1-0

[Variant "Standard"]
[Site "Europe Echecs"]

[Event "Champions Chess Tour Finals 2024"]
[Date "2024.12.19"]
[White "Vachier-Lagrave, Maxime"]
[Black "Keymer, Vincent"]
[WhiteElo "2763"]
[BlackElo "2649"]
[Round "51.1"]
[Result "1-0"]
[TimeControl "600+2"]

1. e4 e5 2. Nf3 Nc6 3. Bb5 a6 4. Ba4 Nf6 5. O-O Be7 6. Re1 O-O 7. Bxc6 bxc6 8.
Nxe5 Bb7 9. Nc3 Re8 10. Nf3 c5 11. d3 d5 12. Bg5 h6 13. Bh4 dxe4 14. dxe4 Nxe4 15. Qxd8 Bxd8 16. Nxe4 Bxe4 17. Nd2 Bc6 18. Rxe8+ Bxe8 19. Bxd8 Rxd8 20. Nc4 f6 21. Ne3 Rd2 22. Rd1 Rxd1+ 23. Nxd1 Kf7 24. f3 Ke6 25.
Kf2 g5 26. Ke3 Bg6 27. c4 Be8 28. g3 Bc6 29. Nf2 h5 30. Nd3 Kd6 31. f4 h4 32.
gxh4 gxh4 33. f5 a5 34. Kf4 Bg2 35. Nf2 Ke7 36. b3 Bf1 37. Ne4 Bd3 38. Nxc5 Bb1 39. a3 Ba2 40. Kg4 a4 41. b4 Bxc4 42. Nxa4 Kd6 43. Kf4 Kd5 44.
Nc3+ Kd6 45. Ne4+ Ke7 46. a4 Bb3 47. a5 Bc4 48. Nd2 Bd3 49. Nf3 h3 50. Nd2 Bb5 51. Ne4 Bc4 52. Nf2 Kd6 53. Nxh3 Kc6 54. Nf2 Kb5 55. h4 Kxb4 56. h5 Kxa5 57. h6 Bg8 58. Ne4 c5 59. Nxc5 1-0

[Variant "Standard"]
[Site "Europe Echecs"]

[Event "Champions Chess Tour Finals 2024"]
[Date "2024.12.19"]
[White "Keymer, Vincent"]
[Black "Vachier-Lagrave, Maxime"]
[WhiteElo "2649"]
[BlackElo "2763"]
[Round "51.2"]
[Result "0-1"]
[TimeControl "600+2"]

1. c4 Nf6 2. g3 e5 3. Bg2 d5 4. cxd5 Nxd5 5. Nc3 Nb6 6. a3 Be7 7. Nf3 Nc6 8.
b4 Be6 9. O-O O-O 10. d3 f6 11. Bb2 Qd7 12. Rc1 Rad8 13. Ne4 Bd5 14. Qc2 a6 15. Rfd1 Qe6 16. Ned2 Qf7 17. Rb1 Ba2 18.
Ra1 Be6 19. Rdc1 Rfe8 20. Bc3 Nd5 21. Ne4 Nxc3 22. Qxc3 Bd5 23. e3 h6 24. Rab1 f5 25. Nc5 Bxc5 26. bxc5 e4 27. dxe4 fxe4 28. Ne1 Ne5 29. Rb4 Bc6 30. Rd4 Rxd4 31. Qxd4 Ng4 32. Rc2 Rf8 33.
Qd2 Qf6 34. h3 Rd8 35. Qb4 Ne5 36. Rd2 Rxd2 37. Qxd2 Qe7 38. Qd4 Nd7 39. Nc2 Qxc5 40. Nb4 Qxd4 41. exd4 Nf6 42. Nxc6 bxc6 43. Bf1 a5 44. Ba6 Kf7 45. Bb7 c5 46. dxc5 Ke6 47. Kf1 Ke5 48. Ke2 Kd4 49. c6 Nd5 50. Ba6 Nc3+ 51. Kd2 Nb1+ 52. Kc2 Nxa3+ 53. Kb3 Nb1 54. Kc2 Nc3 55. Kb3 Nd1 56. Ka4 Nxf2 57. Be2 Kc5 58. Kxa5 Kxc6 59. Kb4 Kd5 60. Kc3 Ke5 61. h4 Nh1 0-1

[Variant "Standard"]
[Site "Europe Echecs"]

[Event "Champions Chess Tour Finals 2024"]
[Date "2024.12.19"]
[White "Lazavik, Denis"]
[Black "Vachier-Lagrave, Maxime"]
[WhiteElo "2553"]
[BlackElo "2763"]
[Round "52.1"]
[Result "1/2-1/2"]
[TimeControl "600+2"]

1. d4 Nf6 2. c4 g6 3. Nc3 d5 4. cxd5 Nxd5 5. Bd2 Bg7 6. e4 Nxc3 7. Bxc3 O-O 8.
Qd2 c5 9. d5 e6 10. Ne2 exd5 11. exd5 Nd7 12. Bxg7 Kxg7 13. O-O-O b5 14. Nc3 b4 15. Ne4 Nf6 16. Nxf6 Qxf6 17. Bb5 Rb8 18. Bc4 Ba6 19. Bxa6 Qxa6 20. Kb1 Rfd8 21. Rc1 Qd6 22. Rhd1 Re8 23. g3 Re5 24. Qc2 Rxd5 25. Rxd5 Qxd5 26. Qxc5 Qe4+ 27. Qc2 Re8 28. Qxe4 Rxe4 29. Rc2 Re1+ 30. Rc1 Re2 31. Rc2 Re1+ 32. Rc1 1/2-1/2

[Variant "Standard"]
[Site "Europe Echecs"]

[Event "Champions Chess Tour Finals 2024"]
[Date "2024.12.19"]
[White "Vachier-Lagrave, Maxime"]
[Black "Lazavik, Denis"]
[WhiteElo "2763"]
[BlackElo "2553"]
[Round "52.2"]
[Result "1-0"]
[TimeControl "600+2"]

1. e4 c5 2. Nf3 Nc6 3. Nc3 g6 4. d4 cxd4 5. Nxd4 Bg7 6. Be3 Nf6 7. Bc4 O-O 8. Bb3 Re8 9. O-O d6 10. h3 Na5 11. Qe2 b6 12. Rfd1 Nxb3 13. axb3 Bb7 14. Qd3 Qc8 15. Nde2 Nd7 16. Bd4 Bxd4 17. Nxd4 Qc5 18. Nf3 a6 19. Nd5 Bxd5 20. exd5 b5 21. Re1 a5 22. Re4 Nf6 23.
Rd4 b4 24. Nd2 Rec8 25. Nc4 Qb5 26. Ne3 Qxd3 27. Rxd3 Rc5 28. Rd4 Rb8 29. Kf1 Rbb5 30. Rad1 h5 31. g4 hxg4 32. hxg4 Kg7 33. f4 Rb8 34. Kg2 Nd7 35. Re4 Re8 36. g5 f5 37. gxf6+ Nxf6 38. Rc4 Rec8 39. Ra1 Kf7 40. Kf3 R8c7 41. Ke2 Ne8 42. Kd3 e6 43.
dxe6+ Kxe6 44. Re4+ Kf7 45. Nc4 d5 46. Ne5+ Kf6 47. Re2 Nd6 48.
Rg1 Rg7 49. Rxg6+ Rxg6 50. Nd7+ Kf5 51. Nxc5 Kxf4 52. Ne6+ Kf5 53. Nc7 Rg3+ 54. Kd4 Ne4 55. Nxd5 Ng5 56. Re5+ Kg6 57. Nf4+ Kf7 58. Rxa5 Rg4 59. Rf5+ Ke7 60. Kd3 Nf7 61. Nd5+ Ke6 62. Rf6+ Kxd5 63. Rxf7 Rg3+ 64. Ke2 Ke4 65. Re7+ Kd4 66. Kd2 Rg2+ 67. Re2 Rg3 68. Rh2 Rg4 69. c3+ Kc5 70. Rh5+ Kc6 71. Kd3 Rg3+ 72. Kc2 Rg2+ 73. Kb1 Rg3 74. Rh4 bxc3 75. Rc4+ Kb5 76. bxc3 Rg1+ 77. Kb2 Rg2+ 78. Ka3 Rc2 79. Rb4+ Kc5 80. c4 Kd4 81. Rb8 Kc3 82. Rh8 Rc1 83.
Rh3 1-0